[Event "World Team-ch Women 2019"]
[Site "Astana"]
[Date "2019.03.12"]
[Round "7.13"]
[White "Abrahamyan, Tatev"]
[Black "Karavade, Eesha"]
[Result "0-1"]
[ECO "B48"]
[WhiteElo "2377"]
[BlackElo "2357"]
[Annotator "RC"]
[PlyCount "96"]
[EventDate "2019.02.05"]
[EventType "team-tourn"]
[EventCountry "KAZ"]
[SourceTitle "playchess.com"]
[Source "ChessBase"]
[SourceQuality "1"]
[WhiteTeam "United States"]
[BlackTeam "India"]
[WhiteTeamCountry "USA"]
[BlackTeamCountry "IND"]
[TimeControl "40/5400+30:1800+30"]

1. e4 c5 2. Nf3 e6 3. d4 cxd4 4. Nxd4 Nc6 5. Nc3 Qc7 6. Be3 Nf6 7. Qd2 a6 8. O-O-O Be7 9. f3 b5 10. g4 Nxd4 11. Bxd4 Bb7 12. g5 Nh5 13. Kb1 O-O 14. Be3 d5 15. Bd3 Rad8 16. exd5 b4 17. Ne4 Bxd5 18. Qf2 Qc6 19. Rhg1 e5 20. Rdf1 g6 21. Rg4 Be6 22. Rh4 Rxd3 23. cxd3 Qd5 24. b3 Qxd3+ 25. Ka1 f5 26. gxf6 Nxf6 27. Nxf6+ Bxf6 28. Re4 Bf5 29. Bh6 Rc8 30. Rc1 Rxc1+ 31. Bxc1 Bxe4 32. fxe4 Kf7 33. Qa7+ Be7 34. Qb7 Qb5 35. Qc7 Qc5 36. Qxc5 Bxc5 37. Kb1 Kf6 38. Kc2 g5 39. Kd3 g4 40. Ke2 Bg1 41. h3 gxh3 42. Kf3 Kg6 43. Bd2 a5 44. Bc1 Kh5 45. a3 h2 46. Kg2 Kg4 47. axb4 axb4 48. Bh6 Bd4 0-1

[Event "World Team-ch Women 2019"]
[Site "Astana"]
[Date "2019.03.12"]
[Round "7.15"]
[White "Yip, Carissa"]
[Black "Padmini, Rout"]
[Result "0-1"]
[ECO "C24"]
[WhiteElo "2279"]
[BlackElo "2332"]
[Annotator "NA RC"]
[PlyCount "66"]
[EventDate "2019.02.05"]
[EventType "team-tourn"]
[EventCountry "KAZ"]
[SourceTitle "playchess.com"]
[Source "ChessBase"]
[SourceQuality "1"]
[WhiteTeam "United States"]
[BlackTeam "India"]
[WhiteTeamCountry "USA"]
[BlackTeamCountry "IND"]
[TimeControl "40/5400+30:1800+30"]

1. e4 e5 2. Bc4 Nf6 3. d3 Nc6 4. Nc3 Na5 5. Nge2 Nxc4 6. dxc4 g6 {[%emt 0:08:10] C28: Vienna Game: 2...Nf6 3 Bc4 Nc6} (6... Bc5 7. O-O d6 8. Qd3 O-O 9. Be3 Nd7 10. Ng3 a5 11. b3 h6 12. Rad1 Re8 13. Nd5 c6 14. Nc3 Bxe3 15. Qxe3 Nc5 16. Rd2 {1-0 (63) Nakamura,H (2787)-Carlsen,M (2853) chess.com INT 2016}) 7. Bg5 $146 ({Predecessor:} 7. O-O Bg7 8. f4 exf4 9. Bxf4 d6 10. Bg5 h6 11. Bxf6 Bxf6 12. Rxf6 Qxf6 13. Nd5 Qd8 14. Qd4 Rf8 15. Qg7 c6 16. Nf6+ Ke7 17. Nf4 Bd7 18. Rf1 g5 19. N6d5+ cxd5 20. Ng6+ {1-0 (20) Fell,S (2309)-Ocantos,M (2248) Caba 2017}) 7... h6 8. Bh4 d6 9. f3 Be6 10. Qd3 Be7 11. Bf2 c6 12. Rd1 Nd7 13. b3 Nc5 14. Qd2 Qc7 15. Be3 h5 16. a3 a6 17. b4 Nd7 18. Nd5 cxd5 19. cxd5 Bxd5 $11 ({Black should try} 19... Bg4 $15 20. fxg4 hxg4) 20. Qxd5 Rc8 21. c3 Nb6 22. Bxb6 Qxb6 23. c4 O-O 24. Qd3 Qc6 25. Rc1 b5 26. cxb5 Qxc1+ 27. Nxc1 Rxc1+ 28. Kd2 Rxh1 29. bxa6 Rc8 30. b5 Bd8 31. a7 Rhc1 32. g3 Ba5+ 33. Ke2 R8c2+ 0-1

[Event "World Team-ch Women 2019"]
[Site "Astana"]
[Date "2019.03.12"]
[Round "7.16"]
[White "Kulkarni Bhakti"]
[Black "Foisor, Sabina-Francesca"]
[Result "1-0"]
[ECO "E16"]
[WhiteElo "2322"]
[BlackElo "2276"]
[Annotator "NA RC"]
[PlyCount "89"]
[EventDate "2019.02.05"]
[EventType "team-tourn"]
[EventCountry "KAZ"]
[SourceTitle "playchess.com"]
[Source "ChessBase"]
[SourceQuality "1"]
[WhiteTeam "India"]
[BlackTeam "United States"]
[WhiteTeamCountry "IND"]
[BlackTeamCountry "USA"]
[TimeControl "40/5400+30:1800+30"]

1. d4 Nf6 2. c4 e6 3. Nf3 Bb4+ 4. Bd2 Qe7 5. g3 O-O 6. Bg2 Bxd2+ 7. Qxd2 Ne4 8. Qc2 f5 9. O-O d6 10. Nbd2 Nxd2 11. Qxd2 Nd7 {[%emt 0:01:12] E11: Bogo-Indian} 12. b4 $146 ({Predecessor:} 12. Qe3 Nf6 13. Rad1 Bd7 14. Qb3 b6 15. Qa3 a5 16. Ne5 Rad8 17. Nc6 Bxc6 18. Bxc6 h5 19. Qf3 g6 20. Qf4 Kg7 21. Qg5 Ng8 22. Qe3 {½-½ (22) Geler,A (2330)-Abramovic,D (2130) Cetinje 2009}) 12... Nf6 13. Rfc1 e5 14. d5 (14. Qc3 $11) 14... f4 15. Ng5 h6 16. Ne6 Bxe6 17. dxe6 Qxe6 18. Bxb7 Rab8 19. Bg2 fxg3 20. fxg3 e4 21. a3 Qe5 22. e3 Kh8 23. Qd4 Qh5 $11 24. Rf1 Ng4 25. h3 Nf6 26. Qxa7 Qe5 27. g4 c5 28. b5 Qc3 29. b6 Qxe3+ 30. Kh1 h5 31. Rae1 Qg3 32. g5 Qxg5 33. Qe7 Rfd8 34. Bxe4 Nxe4 35. Qxe4 Rxb6 36. Rf5 Qh6 37. Qh4 Rdb8 38. Rxh5 d5 39. cxd5 Qxh5 40. Qxh5+ Rh6 41. Re8+ Rxe8 42. Qxe8+ Kh7 43. Kh2 Ra6 44. a4 g6 45. d6 1-0